 Dungeon Crawl Stone Soup version 0.31-a0-1068-g5939ac1fb6 (webtiles) character file.

Game seed: 14325967655949913112

35 CrazyBamboolord the Conjurer (level 3, -2/25 HPs)
             Began as a Demonspawn Conjurer on Nov 25, 2023.
             Slain by a worm (9 damage)
             ... on level 1 of the Dungeon.
             The game lasted 00:02:46 (1299 turns).

CrazyBamboolord the Conjurer (Demonspawn Conjurer)  Turns: 1299, Time: 00:02:46

Health: -2/25      AC:  3    Str: 13    XL:     3   Next: 16%
Magic:  1/6        EV: 12    Int: 21    God:
Gold:   35         SH:  0    Dex: 11    Spells: 3/6 levels left

rFire   . . .        n - +0 short sword (vamp)
rCold   . . .        (no shield)
rNeg    . . .        a - +0 robe
rPois   .            (no helmet)
rElec   .            p - +0 cloak
rCorr   .            (no gloves)
SInv    .            (no boots)
Will    .....        (no amulet)
Stlth   ++           k - +6 ring of strength
HPRegen 0.24/turn    (no ring)
MPRegen 0.10/turn

%: no passive effects
@: very slightly contaminated
A: spiny 1
a: no special abilities


You were on level 1 of the Dungeon.
You visited 1 branch of the dungeon, and saw 2 of its levels.

You collected 35 gold pieces.

Inventory:

Hand Weapons
 n - a +0 vampiric short sword (weapon)
Missiles
 h - 18 stones
 j - 6 poisoned darts
Armour
 a - a +0 robe (worn)
 p - a +0 cloak (worn)
Jewellery
 f - an amulet of faith
 g - an amulet of guardian spirit
 k - a +6 ring of strength (left hand)
Scrolls
 c - a scroll of fear
 d - a scroll of teleportation
 e - 2 scrolls of identify {unknown}
 i - a scroll of enchant armour {unknown}
 l - a scroll of noise {unknown}
 q - a scroll of amnesia {unknown}
Potions
 b - 2 potions of magic
 m - a potion of heal wounds {unknown}
 o - 2 potions of curing {unknown}


   Skills:
 + Level 0.9 Fighting
 + Level 2.0 Dodging
 + Level 2.1 Stealth
 * Level 2.4 Spellcasting
 * Level 4.3 Conjurations


You had 3 spell levels left.
You knew the following spells:

 Your Spells              Type           Power      Damage    Failure   Level
a - Magic Dart            Conj           80%        1d7       2%          1
b - Searing Ray           Conj           40%        2d5       3%          2

Your spell library contained the following spells:

 Spells                   Type           Power      Damage    Failure   Level
 Dazzling Flash           Conj/Hex       22%        N/A       17%         3
 Fulminant Prism          Conj/Hex       5%         3d7       50%         4
 Iskenderun's Mystic Bla  Conj/Tloc      11%        2d4       50%         4


Dungeon Overview and Level Annotations

Branches:
Dungeon (2/15)

Altars:


Innate Abilities, Weirdness & Mutations

You are partially covered in sharp spines.


Message History

There is a stone staircase leading up here.
You climb upwards.
There is a stone staircase leading down here.
You hit the worm.
You feel better.
You punch the worm, but do no damage.
The worm is heavily wounded.
The worm is struck by your spines. The worm closely misses you.
You hit the worm.
You feel better.
The worm is almost dead.
You hit the worm.
You feel better.
The worm is almost dead.
The worm bites you but does no damage.
You hit the worm.
You kill the worm!
You start resting.
HP restored.
You start resting.
Magic restored.
There is a stone staircase leading down here.
You climb downwards.
There is a stone staircase leading up here.
You miscast Magic Dart.
You are very lightly contaminated with residual magic.
Nothing appears to happen.
The magic dart hits the worm.
The worm is moderately wounded.
The magic dart hits the worm!
The worm is severely wounded.
The magic dart hits the worm.
The worm is almost dead.
You miscast Magic Dart.
Nothing appears to happen.
The worm bites you but does no damage.
The magic dart hits the worm.
The worm is almost dead.
The worm bites you! x2
* * * LOW HITPOINT WARNING * * *
You are too injured to fight recklessly!
You climb upwards.
There is a stone staircase leading down here.
The worm bites you!
You die...

######## ##....ww#
##.#.###@# #.###..#.##
###### ##.#......#
#..... ##.......#
####.....
#.##.##.#######........
##.##............##.....
#........##########.....
#........######## ###.##
#..####.#.......# ##.##


You could see 2 worms.

Vanquished Creatures
  A worm (D:1)
  A dart slug (D:1)
  2 endoplasms (D:1)
  4 goblins (D:1)
  A hobgoblin (D:1)
  2 quokkas (D:1)
  6 ball pythons
  5 bats (D:1)
  2 frilled lizards (D:1)
  2 kobolds (D:1)
  3 rats
29 creatures vanquished.

Notes
Turn   | Place    | Note
-------+----------+-------------------------------------------
     0 | D:1      | CrazyBamboolord the Demonspawn Conjurer began the quest for
                  | the Orb.
     0 | D:1      | Reached XP level 1. HP: 13/13 MP: 3/3
   323 | D:1      | Gained mutation: You are partially covered in sharp spines.
                  | [demonic ancestry]
   323 | D:1      | Reached XP level 2. HP: 20/20 MP: 0/5
  1112 | D:1      | Reached XP level 3. HP: 25/25 MP: 0/6
  1187 | D:1      | Learned a level 2 spell: Searing Ray
  1299 | D:1      | Slain by a worm

Illustrated notes

Levels and vault maps discovered:
D:1:      minmay_arrival_four_loops, layout_loops_cross,
          minmay_shallow_snake_nest
D:2:      layout_rooms, uniq_robin

Skill      XL: |  1  2 |
---------------+-------+-----
Dodging        | 2 |  2.0
Stealth        | 2 |  2.1
Fighting       | |  0.9
Spellcasting   | |  2.4
Conjurations   | |  4.3

Action                     || total
---------------------------++-------
  Melee: Dagger            ||     2
         Short sword       ||     5
         Punch             ||     1
   Cast: Magic Dart        ||    55
    Use: Scroll            ||     2
   Stab: Sleeping          ||     1
 Armour: Robe              ||    12
  Dodge: Dodged            ||     7

Table legend: (Time is in decaauts)
 A = Elapsed time spent in this place.
 B = Non-inter-level travel time spent in this place.
 C = Inter-level travel time spent in this place.
 D = Time resting spent in this place.
 E = Time spent auto-exploring this place.
 F = Levels seen in this place.
 G = Mean time per level.
                   A        B        C        D        E       F      G
               +--------+--------+--------+--------+--------+-----+--------+
         Total |   1298 |   1235 |     63 |     75 |   1012 |   2 |  649.0 |
       Dungeon |   1298 |   1235 |     63 |     75 |   1012 |   2 |  649.0 |
               +--------+--------+--------+--------+--------+-----+--------+

Top non-repeatable levels by time:
     D:1: 1278 daAuts
     D:2: 20 daAuts
